 Dungeon Crawl Stone Soup version 0.17-a0-484-g0e03f6a (webtiles) character file.

227 Herrn the Skirmisher (level 6, 56/56 HPs)
             Began as a Naga Fighter on Apr 8, 2015.
             Quit the game on level 3 of the Dungeon on Apr 9, 2015.
             The game lasted 00:10:47 (3463 turns).

Herrn the Skirmisher (Naga Fighter)                 Turns: 3463, Time: 00:10:47

Health: 56/56      AC:  8    Str: 19    XL:     6   Next: 2%
Magic:  5/5        EV:  6    Int:  8    God:
Gold:   171        SH:  9    Dex: 10    Spells: 0 memorised, 5 levels left

rFire  . . .     SeeInvis +     a - +0 war axe
rCold  . . .     Rnd*Rage +     b - +0 scale mail
rNeg   . . .     SustAb   .     c - +0 shield
rPois  +         Gourm    .     i - +2 hat
rElec  .         Spirit   .     q - +0 cloak
rCorr  .         Warding  .     (no gloves)
rMut   .         Stasis   .     (no barding)
MR     .....                    (no amulet)
Stlth  ..........               (no ring)
                                (no ring)

@: very slow, not resistant to hostile enchantments, extremely unstealthy
A: see invisible, berserk 1, clumsy 1, deformed body, low mp 1, poison
resistance, slowness 2, spit poison 2, AC +2
a: Spit Poison


You were on level 3 of the Dungeon.
You were near starving.

You visited 1 branch of the dungeon, and saw 4 of its levels.

You collected 171 gold pieces.

Inventory:

Hand weapons
 a - a +0 war axe (weapon)
Armour
 b - a +0 scale mail (worn)
 c - a +0 shield (worn)
 i - a +2 hat (worn)
 q - a +0 cloak (worn)
Magical devices
 o - a wand of digging (3)
Scrolls
 f - a scroll of enchant weapon
 g - 4 scrolls of remove curse
 m - 3 scrolls of teleportation {unknown}
 p - 2 scrolls of enchant armour
 r - a scroll of fog
Comestibles
 d - 6 bread rations
 j - a meat ration
 s - 5 fruits
 u - a beef jerky


   Skills:
 + Level 3.6 Fighting
 * Level 3.4 Axes
 + Level 3.1 Armour
 * Level 2.1 Dodging
 + Level 3.0 Shields


You had 5 spell levels left.
You didn't know any spells.

Dungeon Overview and Level Annotations

Branches:
Dungeon (4/15)
 Temple: D:4-7

Altars:
Ru

Annotations:
D:4 Econoterrorist's ghost, average KoBe


Innate Abilities, Weirdness & Mutations

You cannot wear boots.
Your serpentine skin is tough (AC +2).
You have supernaturally acute eyesight.
Armour fits poorly on your strangely shaped body.
Your system is resistant to poisons.
You cover ground very slowly.
You can spit poison.
You tend to lose your temper in combat.
You are clumsy. (Dex -2)
Your magical capacity is low (-10% MP).


Message History

Your shield and scale mail prevent you from hitting the hound.
The hound is almost dead.
You block the hound's attack. The hound barely misses you.
You slash the hound!
You kill the hound!
You have reached level 6!
Your experience leads to an increase in your attributes!
Your base attributes are Str 19, Int 8, Dex 11.
Increase (S)trength, (I)ntelligence, or (D)exterity?
You feel agile.
Your skin feels tougher.
You have got your breath back.
You start resting.
You are feeling very hungry.
You start resting.
All of the chunks of flesh in your inventory have rotted away.
You start resting.
You are near starving!
Unknown command.
Unknown command.
Are you sure you want to abandon this character and quit the game? (Confirm with "yes".)

.# .# ## # # # #
######## #####......#
##########....@)###.#
#......##.....>.###.#
#.####.##..#...>..#.# #
#.#.##.##..#.#.=#.#.#
###.=..........#..#.#.#
......#..##...........#
.##..#.#.##.#####.#.###
.##......##.......#.#
..##.##############.#


There were no monsters in sight!

Vanquished Creatures
  A hound (D:3)
  Natasha (thrice) (D:3)
  An orc priest (D:3)
  A gnoll (D:1)
  3 adders (D:2)
  2 worms
  An adder zombie (D:3)
  5 orcs (D:3)
  11 bats
  12 hobgoblins
  7 kobolds
  2 ball pythons
  6 giant cockroaches
  4 giant geckos
  3 giant newts (D:2)
  9 goblins
  7 jackals
  11 rats
89 creatures vanquished.

Notes
Turn   | Place    | Note
--------------------------------------------------------------
     0 | D:1      | Herrn, the Naga Fighter, began the quest for the Orb.
     0 | D:1      | Reached XP level 1. HP: 21/21 MP: 1/1
   116 | D:1      | Reached XP level 2. HP: 12/28 MP: 2/2
   447 | D:1      | Reached XP level 3. HP: 32/34 MP: 3/3
   541 | D:1      | Reached skill level 1 in Dodging
  1286 | D:2      | Reached XP level 4. HP: 27/42 MP: 4/4
  2101 | D:3      | Upgraded the game from 0.17-a0-483-g810ce3f to 0.17-a0-484-g0e03f6a
  2168 | D:3      | Reached XP level 5. HP: 26/49 MP: 5/5
  2563 | D:3      | Noticed Natasha
  2572 | D:3      | Killed Natasha
  2907 | D:3      | Noticed Natasha
  2912 | D:3      | Killed Natasha
  2985 | D:3      | Found a sacrificial altar of Ru.
  3093 | D:3      | Noticed Natasha
  3102 | D:3      | Killed Natasha
  3187 | D:4      | Noticed Econoterrorist's ghost (average KoBe)
  3206 | D:4      | Gained mutation: You tend to lose your temper in combat. [potion of mutation]
  3206 | D:4      | Gained mutation: Your magical capacity is low (-10% MP). [potion of mutation]
  3206 | D:4      | Gained mutation: You are clumsy. (Dex -2) [potion of mutation]
  3242 | D:3      | Reached XP level 6. HP: 16/56 MP: 5/5
  3463 | D:3      | Quit the game

Action                   |  1- 3 |  4- 6 || total
-------------------------+-------+-------++-------
Melee: War axe           |   119 |   179 ||   298
 Abil: Spit Poison       |       |    13 ||    13
  Use: Potion            |       |     6 ||     6
       Scroll            |       |     5 ||     5
  Eat: Chunk             |     1 |     7 ||     8
